 Dungeon Crawl Stone Soup version 0.30-a0-509-gd016549fea (webtiles) character file.

Game seed: 5795190252002068755

518 themarg the Changer (level 7, -7/60 HPs)
             Began as a Purple Draconian Transmuter on Dec 23, 2022.
             Mangled by a yak (14 damage)
             ... on level 5 of the Dungeon.
             The game lasted 00:08:53 (3642 turns).

themarg the Changer (Purple Draconian Transmuter)   Turns: 3642, Time: 00:08:54

Health: -7/60      AC:  2    Str: 12    XL:     7   Next: 1%
Magic:  8/12       EV: 19    Int: 16    God:
Gold:   243        SH:  0    Dex: 16    Spells: 7/13 levels left

rFire   . . .      SeeInvis .      - Unarmed
rCold   . . .      Faith    .    (shield currently unavailable)
rNeg    . . .      Spirit   .    (body armour unavailable)
rPois   x          Reflect  .    (helmet currently unavailable)
rElec   .          Harm     .    (cloak currently unavailable)
rCorr   .          Rampage  .    (gloves currently unavailable)
Will    +....                    (boots currently unavailable)
Stlth   +.........               (no amulet)
HPRegen 0.30/turn                (no ring)
MPRegen 0.13/turn                (no ring)

@: spider-form (expiring)
A: venomous fangs, (breathe power), AC +6, tiny, unfitting armour,
(cold-blooded)
a: End Transformation


You were on level 5 of the Dungeon.
You were a venomous arachnid creature.
You visited 1 branch of the dungeon, and saw 5 of its levels.

You collected 243 gold pieces.

Inventory:

Hand Weapons
 h - a +2 dagger of draining (melded)
Missiles
 d - 48 stones
 e - 21 poisoned darts
Armour
 r - a +0 pair of boots (melded)
Magical Staves
 v - a staff of conjuration
Jewellery
 s - a ring of positive energy
Wands
 j - a wand of charming (7)
 A - a wand of mindburst (15)
Scrolls
 b - 2 scrolls of fear
 c - a scroll of amnesia
 f - a scroll of noise {unknown}
 g - 2 scrolls of vulnerability {unknown}
 i - 3 scrolls of poison
 o - a scroll of enchant weapon {unknown}
 t - a scroll of enchant armour {unknown}
 u - a scroll of silence {unknown}
 w - 3 scrolls of teleportation {unknown}
 x - a scroll of acquirement {unknown}
 y - a scroll of magic mapping {unknown}
 B - a scroll of fog {unknown}
Potions
 a - 5 potions of lignification
 k - 2 potions of brilliance
 l - a potion of ambrosia
 m - a potion of flight
 n - a potion of attraction {unknown}
 p - a potion of invisibility {unknown}
 q - 4 potions of curing
 z - a potion of resistance {unknown}
 C - a potion of berserk rage {unknown}


   Skills:
 + Level 4.4 Fighting
 - Level 1.7 Dodging
 - Level 3.0 Unarmed Combat
 - Level 3.6 Spellcasting
 - Level 5.0 Transmutations
 - Level 3.0 Poison Magic


You had 7 spell levels left.
You knew the following spells:

 Your Spells              Type           Power      Damage    Failure   Level
a - Beastly Appendage     Tmut           36%        N/A       9%          1
b - Wereblood             Tmut           18%        N/A       12%         2
c - Spider Form           Tmut/Pois      15%        N/A       26%         3

Your spell library contained the following spells:

 Spells                   Type           Power      Damage    Failure   Level
 Static Discharge         Conj/Air       4%         2-3/arc   47%         2
 Vhi's Electric Charge    Tloc/Air       4%         N/A       69%         3
 Ice Form                 Ice/Tmut       10%        N/A       75%         4
 Arcjolt                  Conj/Air       1%         1d11      100%        5
 Lightning Bolt           Conj/Air       1%         1d12      100%        5
 Conjure Ball Lightning   Conj/Air       1%         3x3d6     100%        6
 Discord                  Hex            1%         N/A       100%        8
 Disjunction              Tloc           1%         N/A       100%        8


Dungeon Overview and Level Annotations

Branches:
Dungeon (5/15)
 Temple: D:4-7

Altars:
Dithmenos
Kikubaaqudgha
Zin

Shops:
D:1 *   D:2 *   D:4 *


Innate Abilities, Weirdness & Mutations

You are a venomous arachnid creature.
You have poisonous fangs.
You are tiny and dextrous.
Your spellcasting is less reliable in this form.
Your armour is entirely melded.
You are incapable of wielding weapons or throwing items.
((You can breathe bolts of dispelling energy.))
((Your rich purple scales are hard. (AC +6)))
You cannot fit into any form of body armour.
((You are cold-blooded and may be slowed by cold attacks.))


Message History

The yak attacks as you move away! The yak gores you.
You barely miss the yak.
The yak is almost dead.
The yak attacks as you move away! The yak misses you.
You hit the yak.
The yak looks as sick as possible!
The yak is almost dead.
You kill the yak!
Training target 3.0 for Poison Magic reached!
Your Fighting skill increases to level 4!
Your Poison Magic skill increases to level 3!
You have reached level 7!
Your scales start taking on a rich purple colour.
You learn Spellcasting much quicker.
You learn Hexes much quicker.
You learn Evocations quicker.
You can breathe bolts of dispelling energy.
You barely miss the yak. The yak gores you!
You hit the yak.
The yak is poisoned.
The yak is lightly wounded.
The yak barely misses you.
Your transformation has ended.
Your +2 dagger of draining unmelds from your body.
Your +0 pair of boots unmelds from your body.
You sense an unholy aura.
Casting: Spider Form (dangerous; 11% risk of failure)
Confirm with . or Enter, or press ? or * to list all spells.
You turn into a venomous arachnid creature.
Your +2 dagger of draining melds into your body.
Your +0 pair of boots melds into your body.
The yak closely misses you.
You hit the yak but do no damage.
The yak looks as sick as possible!
The yak is lightly wounded.
The yak attacks as you move away! The yak misses you.
Your transformation is almost over.
The yak attacks as you move away! The yak gores you!
* * * LOW HITPOINT WARNING * * *
You see here a +0 whip.
The yak attacks as you move away! The yak gores you!
* * * LOW HITPOINT WARNING * * *
The yak attacks as you move away! The yak gores you!
You die...

. .. ..# .#####
.######.####.#
....##.##..........#
..#.##.##.###Y####.#
#.#....##.# #.##
#.#....##†###Y§#
#.#[...##..Y.#§#
#.<..#.##..##§§§#
#.#.....sY.#§#§#§
#.##.......§§ §§§ #.
###.....#§ #§#
#............# ##
..............#
........##.###..
##.#######... ... #
##### ##


You could see 3 yaks.

Vanquished Creatures
  A yak (D:5)
  A phantom (D:4)
  2 hounds (D:4)
  A jelly (D:4)
  An iguana (D:4)
  9 adders
  A white imp (D:3)
  2 worms
  5 dart slugs
  An orc (D:5)
  4 bats
  6 endoplasms
  4 giant cockroaches
  9 goblins
  11 hobgoblins
  9 kobolds
  3 quokkas
  6 ball pythons
  4 frilled lizards
  5 rats
85 creatures vanquished.

Notes
Turn   | Place    | Note
-------+----------+-------------------------------------------
     0 | D:1      | themarg the Draconian Transmuter began the quest for the
                  | Orb.
     0 | D:1      | Reached XP level 1. HP: 16/16 MP: 3/3
   131 | D:1      | Reached XP level 2. HP: 23/23 MP: 3/5
   134 | D:1      | Learned a level 2 spell: Wereblood
   325 | D:1      | Found Onist's General Store.
   591 | D:1      | Reached XP level 3. HP: 27/29 MP: 4/6
   879 | D:2      | Reached skill level 3 in Transmutations
  1000 | D:2      | Found Tierapto's General Store.
  1255 | D:2      | Reached XP level 4. HP: 36/36 MP: 5/7
  1282 | D:2      | Found a faded altar of an unknown god.
  2406 | D:4      | Reached XP level 5. HP: 38/42 MP: 7/9
  2410 | D:4      | Learned a level 3 spell: Spider Form
  2490 | D:4      | Reached skill level 4 in Transmutations
  2596 | D:4      | Found Zin's Purification Station.
  2599 | D:4      | Found a glowing silver altar of Zin.
  2671 | D:4      | Found an ancient bone altar of Kikubaaqudgha.
  2690 | D:4      | Noticed a phantom
  2702 | D:4      | Killed a phantom
  2703 | D:4      | Reached skill level 1 in Poison Magic
  2878 | D:4      | Reached XP level 6. HP: 51/51 MP: 8/10
  3083 | D:4      | Reached skill level 5 in Transmutations
  3598 | D:5      | Entered Level 5 of the Dungeon
  3611 | D:5      | Found a shadowy altar of Dithmenos.
  3611 | D:5      | Noticed a yak
  3611 | D:5      | Noticed a yak
  3614 | D:5      | Noticed a yak
  3619 | D:5      | Noticed a yak
  3625 | D:5      | Killed a yak
  3626 | D:5      | Your scales start taking on a rich purple colour.
  3626 | D:5      | Reached XP level 7. HP: 28/60 MP: 9/12
  3642 | D:5      | Mangled by a yak

Illustrated notes

Levels and vault maps discovered:
D:1:      dpeg_chamrin_arrival_tetris, layout_loops_ring, serial_shops, shop
D:2:      layout_basic, serial_shops, nicolae_shop_crystal,
          shapermc_ecumenical_altar_notcrosses, minmay_pentomino_p4
D:3:      layout_basic, serial_bayou_pond_d, st_stairs_6, chequers_jeans,
          grunt_decor_arrowhead
D:4:      layout_gridville, zin_purify, mainiacjoe_overflow_small_starburst,
          st_stairs_1, kennysheep_donut
D:5:      layout_basic, grunt_dithmenos_smoke_and_mirrors,
          nicolae_overflow_two_pavilions, lemuel_temple_firewalk_b

Skill      XL: |  1  2  3  4  5  6 |
---------------+-------------------+-----
Fighting       | 2 3 4 |  4.4
Transmutations | 3 4 5 |  5.0
Spellcasting   | 3 |  3.6
Poison Magic   | 1 3 |  3.0
Dodging        | |  1.7
Unarmed Combat | |  3.0

Action                   |  1- 3 |  4- 6 |  7- 9 || total
-------------------------+-------+-------+-------++-------
Melee: Unarmed           |    16 |    21 |     3 ||    40
       Kick              |    15 |    31 |       ||    46
       Headbutt          |     9 |    16 |       ||    25
       Tailslap          |     4 |    17 |       ||    21
       Punch             |     1 |     1 |       ||     2
       Dagger            |    48 |   104 |       ||   152
       Short sword       |     9 |       |       ||     9
 Cast: Beastly Appendage |    26 |    24 |       ||    50
       Wereblood         |     2 |     3 |       ||     5
       Spider Form       |       |     6 |     1 ||     7
  Use: Scroll            |       |     7 |       ||     7
 Stab: Sleeping          |     1 |       |       ||     1
Armor: Skin              |    18 |    31 |       ||    49
Dodge: Dodged            |    40 |    73 |     3 ||   116

Table legend: (Time is in decaauts)
 A = Elapsed time spent in this place.
 B = Non-inter-level travel time spent in this place.
 C = Inter-level travel time spent in this place.
 D = Time resting spent in this place.
 E = Time spent auto-exploring this place.
 F = Levels seen in this place.
 G = Mean time per level.
                   A        B        C        D        E       F      G
               +--------+--------+--------+--------+--------+-----+--------+
         Total |   3639 |   3552 |     87 |    100 |   2820 |   5 |  727.8 |
       Dungeon |   3639 |   3552 |     87 |    100 |   2820 |   5 |  727.8 |
               +--------+--------+--------+--------+--------+-----+--------+

Top non-repeatable levels by time:
     D:4: 1199 daAuts
     D:1: 841 daAuts
     D:3: 831 daAuts
     D:2: 723 daAuts
     D:5: 42 daAuts
